[Event "*** SCC Grand Prix: Titled Tuesday Blitz"]
[Site "Chess.com"]
[Date "2020.08.04"]
[Round "7"]
[White "BlackBoarder"]
[Black "Siemba"]
[Result "1-0"]
[WhiteElo "2559"]
[BlackElo "2405"]
[TimeControl "180+1"]
[EndTime "15:01:49 PDT"]
[Termination "BlackBoarder won by resignation"]

1. e4 d5 2. exd5 Nf6 3. Nf3 Bg4 4. h3 Bxf3 5. Qxf3 Qxd5 6. Qxd5 Nxd5 7. Bc4 Nb4 8. Bb3 e5 9. Nc3 N8c6 10. a3 Na6 11. Ba4 O-O-O 12. Bxc6 bxc6 13. d3 Nc5 14. Be3 Ne6 15.
O-O-O Bc5 16. Bxc5 Nxc5 17. Rhe1 f6 18. Re3 Ne6 19.
g3 Nd4 20. Ne4 h5 21. h4 Nf5 22. Ree1 Nd6 23. Nc5 Nb7 24. Nxb7 Kxb7 25. Re4 c5 26.
Rde1 Rd4 27. Kd2 Rhd8 28. f4 exf4 29. gxf4 R8d7 30. Rxd4 cxd4 31. Re6 c5 32. Ke2 Kc7 33. Kf3 Rd6 34. Re7+ Rd7 35. Re8 Kd6 36. Ke4 Re7+ 37. Rxe7 Kxe7 38. Kd5 g5 39. fxg5 fxg5 40. hxg5 Kf7 41.
Ke5 a5 42. a4 Kg7 43. Kf5 Kf7 44. g6+ Kg7 45. Kg5 h4 46. Kxh4 Kh6 47. g7 Kxg7 48. Kg5 Kf7 49. Kf5 c4 50. dxc4 d3 1-0

[Event "*** SCC Grand Prix: Titled Tuesday Blitz"]
[Site "Chess.com"]
[Date "2020.08.04"]
[Round "7"]
[White "VerdeNotte"]
[Black "Firouzja2003"]
[Result "0-1"]
[WhiteElo "2857"]
[BlackElo "3030"]
[TimeControl "180+1"]
[EndTime "15:01:51 PDT"]
[Termination "Firouzja2003 won by resignation"]

1. a3 e5 2. c4 Nf6 3. d3 d5 4.
cxd5 Nxd5 5. Nf3 Nc6 6. g3 g6 7. Nc3 Nde7 8. Bd2 Bg7 9. Qc1 h6 10. h4 Bg4 11. Nh2 Be6 12. e3 Na5 13. Qc2 Nb3 14.
Rd1 O-O 15. Bg2 c6 16. Nf3 f5 17. O-O Qd6 18. Be1 a5 19. Nd2 Nxd2 20. Rxd2 g5 21. hxg5 hxg5 22. Na4 f4 23. gxf4 exf4 24. exf4 Nf5 25. d4 Nxd4 26. Nc5 Bd5 27. Nxb7 Qxf4 28. Rxd4 Qxd4 29. Bc3 Qg4 30. f3 Rxf3 31. Rxf3 Bxf3 32.
Bxg7 Qxg2+ 33. Qxg2 Bxg2 34. Bc3 Bd5 35. Nxa5 Ra7 36.
b4 Kf7 37. Bd4 Ra8 38. Kf2 Ke6 39. Ke3 Rf8 40. Bc5 Rf3+ 41. Kd4 Rxa3 42. Nb7 Ra1 43.
Nd8+ Kd7 44. Nb7 g4 45. Ke3 Ra3+ 46. Kf4 g3 47. Be3 g2 48. Nc5+ Ke8 49. Bd4 Ra1 50.
b5 g1=Q 51. Bxg1 Rxg1 52. b6 Rb1 53. b7 Kd8 54. Ke5 Kc7 55. b8=Q+ Rxb8 0-1

[Event "*** SCC Grand Prix: Titled Tuesday Blitz"]
[Site "Chess.com"]
[Date "2020.08.04"]
[Round "7"]
[White "Alexander_Moskalenko"]
[Black "Infernal_XaM"]
[Result "1-0"]
[WhiteElo "2830"]
[BlackElo "2913"]
[TimeControl "180+1"]
[EndTime "15:01:51 PDT"]
[Termination "Alexander_Moskalenko won by resignation"]

1. c4 Nf6 2. Nc3 e5 3. Nf3 Nc6 4. d3 d5 5. cxd5 Nxd5 6. Bd2 Be7 7. a3 a5 8. e3 Be6 9. Be2 O-O 10. O-O Nb6 11.
b3 f5 12. Qc2 Kh8 13. Bc1 Nd7 14. Nd2 Nc5 15. Rb1 Bg8 16. Rd1 Ne6 17. Bf3 Ra6 18.
Nc4 Bf6 19. b4 axb4 20. axb4 Ra8 21. b5 Ncd4 22. exd4 Nxd4 23. Qd2 Nxf3+ 24. gxf3 Qe8 25. Bb2 Qh5 26. Qe2 Rad8 27. Nxe5 Rd4 28. f4 Qh4 29. Ne4 Ra4 30. Nxf6 Rxf6 31. Qe3 Rxf4 32. Qg3 Qh6 33. Bc1 g5 34. Bxf4 gxf4 35. Qg2 Qh4 36. f3 Rh6 37. d4 Bd5 38. Rbc1 Rh5 39. Kh1 Rg5 40. Qe2 Rg3 41. Rg1 Qh3 42. Rxg3 fxg3 43. Qg2 Qh6 44. Rg1 f4 45. Rc1 Qb6 46. Qd2 Qxb5 47. Qxf4 g2+ 48. Kxg2 Qb2+ 49. Kg3 Kg7 1-0

[Event "*** SCC Grand Prix: Titled Tuesday Blitz"]
[Site "Chess.com"]
[Date "2020.08.04"]
[Round "7"]
[White "Guenplen"]
[Black "Rud_Makarian"]
[Result "1-0"]
[WhiteElo "2843"]
[BlackElo "2650"]
[TimeControl "180+1"]
[EndTime "15:01:55 PDT"]
[Termination "Guenplen won by resignation"]

1. d4 g6 2. Nf3 Bg7 3. e4 d6 4. c3 Nf6 5. Bd3 O-O 6. h3 Nfd7 7. O-O c5 8. Be3 Nc6 9. d5 Nce5 10. Nxe5 Nxe5 11.
Be2 b5 12. Nd2 Rb8 13. f4 Nd7 14. Qc2 b4 15. c4 Nb6 16. Rae1 e6 17. b3 Re8 18.
dxe6 fxe6 19. e5 dxe5 20. fxe5 Bxe5 21. Ne4 Nd7 22. Rd1 Qc7 23. Qd2 Nf8 24. Nxc5 Bg7 25. Bf3 e5 26. Bd5+ Ne6 27. Qf2 Kh8 28. Qf7 Qxf7 29.
Rxf7 Nf4 30. Rxa7 Bf5 31. Bf3 Rbd8 32. Rxd8 Rxd8 33. Ra8 Rxa8 34. Bxa8 Bb1 35. Be4 Bxa2 36. Bc2 Bf8 37. Ne4 Ne2+ 38. Kf2 Nd4 39. Bxd4 exd4 40.
Ke2 Bg7 41. Kd3 Be5 42. Nc5 Kg7 43. Ne6+ Kf6 44. Nxd4 Kg5 45. Nf3+ Kf4 46. Nxe5 Kxe5 47. Ke3 g5 48. g3 h6 49. g4 Ke6 50. Ke4 Kd6 51. Kd4 Kc6 52. c5 Kb5 53. Kd5 Ka5 54. c6 Kb6 55. Kd6 1-0

[Event "*** SCC Grand Prix: Titled Tuesday Blitz"]
[Site "Chess.com"]
[Date "2020.08.04"]
[Round "7"]
[White "KatarinaOstojic"]
[Black "ClydeHillKid"]
[Result "1/2-1/2"]
[WhiteElo "2219"]
[BlackElo "2306"]
[TimeControl "180+1"]
[EndTime "15:01:55 PDT"]
[Termination "Game drawn by repetition"]

1. d4 d5 2. Nf3 Nf6 3. c4 e6 4. Nc3 c6 5. e3 Nbd7 6. Qc2 Bd6 7. b3 O-O 8. Bb2 b6 9. Be2 Bb7 10. O-O Rc8 11. Rac1 Qe7 12. Rfd1 Rfd8 13. Qb1 Bb8 14. e4 dxe4 15. Nxe4 Nxe4 16. Qxe4 Nf6 17. Qh4 h6 18. Ne5 c5 19. Ng4 cxd4 20. Bxd4 e5 21. Nxf6+ Qxf6 22. Qxf6 gxf6 23. Be3 Kg7 24. Bg4 Rxd1+ 25. Rxd1 Re8 26. Bf5 Bc6 27. h3 Bc7 28. Rd3 e4 29. Rd2 Re5 30. Bf4 Rxf5 31. Bxc7 Rg5 32. Bf4 Rf5 33. Be3 Re5 34.
Rd6 Re6 35. Rd4 h5 36. g3 f5 37. h4 Kf6 38. Kf1 Ke5 39. Rd8 Re8 40. Bf4+ Kf6 41.
Rxe8 Bxe8 42. Bb8 a6 43. Bc7 b5 44. c5 Ke6 45. Ke2 Kd5 46. Bd6 Kd4 47. Kd2 Bc6 48. Be7 a5 49. Bd6 Bd5 50. Kc2 a4 51. Bf8 axb3+ 52. axb3 Bc6 53. Kd2 b4 54. Kc2 Bb5 55.
Kd2 Bc6 56. Kc2 Kd5 57. Be7 Kd4 58. Bf8 1/2-1/2

[Event "*** SCC Grand Prix: Titled Tuesday Blitz"]
[Site "Chess.com"]
[Date "2020.08.04"]
[Round "7"]
[White "Chesswizard_2007"]
[Black "Ole83"]
[Result "0-1"]
[WhiteElo "2496"]
[BlackElo "2343"]
[TimeControl "180+1"]
[EndTime "15:01:56 PDT"]
[Termination "Ole83 won by checkmate"]

1. Nf3 g6 2. h4 Nf6 3. h5 Nxh5 4.
e4 d6 5. d4 Bg4 6. Nc3 Bg7 7.
Be3 Nc6 8. Qd2 Nf6 9. O-O-O h5 10. Be2 Bxf3 11. Bxf3 e5 12. dxe5 Nxe5 13. Be2 Qd7 14. f4 Neg4 15. Bd4 O-O 16. Kb1 Rfe8 17. Bf3 Re7 18.
Rhe1 Rae8 19. Qc1 Qc8 20. Rd3 b5 21. Nxb5 Nxe4 22. Nxa7 Qd7 23. Bxg7 Kxg7 24. Bxe4 Rxe4 25. Rxe4 Rxe4 26. Ra3 Qe8 27. Rd3 Ra4 28. b3 Rxa7 29.
Qg1 Rb7 30. f5 Qe5 31. fxg6 fxg6 32. a4 c6 33. Ka2 Rf7 34. Qb6 Rf2 35. Qc7+ Kh6 36.
Qxc6 Ne3 37. Rc3 Nd5 38. Rc4 Rxc2+ 39. Rxc2 Nb4+ 40. Ka3 Nxc6 41. Rxc6 d5 42. Kb4 d4 43. Rc5 Qe4 44. Rc4 Qe3 45. a5 d3 46. Rc3 Qd4+ 47. Rc4 Qd6+ 48. Kc3 d2 49. Rd4 Qxd4+ 50. Kxd4 d1=Q+ 51. Kc5 Qxb3 52. a6 Qa3+ 53. Kb6 Qa2 54. a7 Qxg2 55. Ka6 h4 56. Kb6 h3 57. Kc7 h2 58. Kb8 h1=Q 59. Kc7 Qb7+ 60. Kd6 Qhd5# 0-1

[Event "*** SCC Grand Prix: Titled Tuesday Blitz"]
[Site "Chess.com"]
[Date "2020.08.04"]
[Round "7"]
[White "LyonBeast"]
[Black "Hrant_ChessMood"]
[Result "1-0"]
[WhiteElo "3032"]
[BlackElo "2857"]
[TimeControl "180+1"]
[EndTime "15:01:57 PDT"]
[Termination "LyonBeast won on time"]

1. Nf3 Nf6 2. g3 d5 3. Bg2 g6 4. c4 Bg7 5. cxd5 Nxd5 6. d4 O-O 7. O-O Nb6 8. Nc3 Nc6 9. e3 a5 10. Qe2 a4 11. Rd1 Nb4 12. e4 Bg4 13. Be3 Qd7 14. Rac1 a3 15. b3 Ra5 16. d5 e6 17. h3 Bxf3 18. Bxf3 exd5 19. Nxd5 N6xd5 20. exd5 Re8 21. Qd2 Qd6 22. Bf4 Be5 23. Re1 f6 24. Rc4 Rb5 25. Bxe5 Rxe5 26. Rxe5 fxe5 27. h4 Nxd5 28. h5 Nb6 29. Qc2 c6 30. Rg4 e4 31. Rxe4 Rc5 32.
Qe2 Nd5 33. Re8+ Kf7 34. Rh8 Nf6 35. hxg6+ hxg6 36. Kg2 Re5 37. Qc4+ Qe6 38. Qb4 Qe7 39. Qc4+ Kg7 40. Qh4 Nh5 41. Qxe7+ Rxe7 42. Ra8 Nf6 43. Rxa3 Nd7 44. Ra7 Ne5 45. Be4 g5 46. f4 gxf4 47. gxf4 Ng6 48. Bxg6 Kxg6 49. Kf3 Kf5 50. Ra5+ b5 51.
Ra6 Re4 52. Rxc6 Rxf4+ 53. Ke3 Re4+ 54. Kd3 Re5 55. Kd4 1-0

[Event "*** SCC Grand Prix: Titled Tuesday Blitz"]
[Site "Chess.com"]
[Date "2020.08.04"]
[Round "7"]
[White "Zurability"]
[Black "Alberquintin"]
[Result "0-1"]
[WhiteElo "2658"]
[BlackElo "2485"]
[TimeControl "180+1"]
[EndTime "15:01:57 PDT"]
[Termination "Alberquintin won by checkmate"]

1. Nf3 Nf6 2. d4 g6 3. c4 Bg7 4.
Nc3 d6 5. e4 O-O 6. Be2 Bg4 7. h3 Bxf3 8. Bxf3 Nfd7 9. Be2 Nc6 10. d5 Nd4 11. Bd3 c5 12. dxc6 bxc6 13. O-O Rb8 14. Re1 Qa5 15. Bf1 c5 16. Rb1 Ne5 17. Bd2 Qd8 18. f4 Nec6 19. b3 e6 20. Be3 Qh4 21. Qd2 Qg3 22. Kh1 Qh4 23. Bf2 Qe7 24. Rbd1 a6 25. Bd3 Rfd8 26. Bb1 Re8 27. f5 Be5 28.
Be3 Qh4 29. Rf1 Qg3 30. Bf4 Bxf4 31. Rxf4 Ne5 32. Rdf1 Rf8 33. f6 Kh8 34. R4f2 Qh4 35. Nd1 h5 36. Ne3 Kh7 37. Rf4 Qg3 38. R1f2 a5 39.
h4 Ng4 40. Nxg4 hxg4 41. Kg1 Qxh4 42. Qd1 Nf3+ 43. gxf3 Qg3+ 44. Kf1 Qxf4 45. Ke2 g3 46. Rg2 Rh8 47. Qh1+ Kg8 48. Qg1 a4 49. Rxg3 Kf8 50.
Qd1 axb3 51. Rg2 bxa2 52. Bxa2 Rb2+ 53. Kf1 Rh1+ 54. Rg1 Rxg1+ 55. Kxg1 Qg3+ 56. Kf1 Qf2# 0-1

[Event "*** SCC Grand Prix: Titled Tuesday Blitz"]
[Site "Chess.com"]
[Date "2020.08.04"]
[Round "7"]
[White "Sekar24"]
[Black "MarcoRiehle"]
[Result "0-1"]
[WhiteElo "2471"]
[BlackElo "2742"]
[TimeControl "180+1"]
[EndTime "15:02:01 PDT"]
[Termination "MarcoRiehle won on time"]

1. e4 e5 2. Nf3 Nf6 3. Nxe5 Nxe4 4. Qe2 Qe7 5. Qxe4 d6 6. Bc4 Qxe5 7. Qxe5+ dxe5 8. O-O Bd6 9. Re1 O-O 10. Nc3 Nc6 11. Nb5 Bf5 12. d3 Nd4 13. Nxd4 exd4 14. Bd2 Rfe8 15. Rxe8+ Rxe8 16. Re1 Kf8 17. Rxe8+ Kxe8 18.
f4 f6 19. Kf2 c5 20. Kf3 Ke7 21. a4 Bd7 22. Bd5 Bxa4 23. b3 Bc6 24. Bxc6 bxc6 25. Ke4 Ke6 26. f5+ Kd7 27. h3 Bc7 28. g4 Be5 29. Bc1 Bc7 30. Bd2 Bd8 31. Be1 Kc8 32. Bg3 Bc7 33. Be1 Kb7 34. h4 Kb6 35. g5 Kb5 36. Bd2 Be5 37. h5 Bd6 38. h6 Bf8 39. g6 gxh6 40. gxh7 Bg7 41. Bxh6 Bh8 42.
Kf3 Kb4 43. Bd2+ Ka3 44. Bc1+ Ka2 45. Kg4 Kb1 46. Ba3 Kxc2 47. Bxc5 Kxd3 48. Kh5 Ke4 49. Kg6 d3 50. Bb4 c5 51. Bd2 a6 52. Kf7 Kxf5 53.
Kg8 Ke6 54. Kxh8 Kf7 55. Bf4 f5 56. Bd2 a5 57. Bxa5 f4 0-1

[Event "*** SCC Grand Prix: Titled Tuesday Blitz"]
[Site "Chess.com"]
[Date "2020.08.04"]
[Round "7"]
[White "Micki-taryan"]
[Black "kuban1991"]
[Result "1-0"]
[WhiteElo "3057"]
[BlackElo "2772"]
[TimeControl "180+1"]
[EndTime "15:02:07 PDT"]
[Termination "Micki-taryan won on time"]

1. e3 g6 2. Nf3 Bg7 3. d4 Nf6 4. b3 O-O 5. Bb2 d6 6. c4 Nbd7 7. Be2 e5 8. dxe5 Ng4 9. Qd2 Ngxe5 10. Nxe5 Nxe5 11. f4 Nd7 12. Bxg7 Kxg7 13. Nc3 a5 14. h4 Nc5 15. h5 Qf6 16. Rc1 c6 17. g4 Kg8 18. g5 Qe7 19. Kf2 Bf5 20. Rh4 f6 21.
hxg6 Bxg6 22. gxf6 Qxf6 23. Rg4 Rae8 24. Bf3 Kh8 25. Rh1 Re7 26. Rgh4 a4 27. b4 Nd3+ 28.
Kg2 Rg8 29. Kf1 Qe6 30. e4 Ne5 31. fxe5 Rf8 32. Rf4 Rxf4 33. Qxf4 Rf7 34. Qe3 Qxc4+ 35. Kg2 dxe5 36. a3 Qb3 37. Qc1 Kg8 38. Rd1 Kg7 39. Rd3 Qe6 40. Qd2 Qf6 41. Nd1 Qh4 42. Nf2 h6 43.
Rd7 Bh5 44. Bxh5 Qxh5 45. Rxf7+ Qxf7 46. Qc3 Qf4 47. Qg3+ Kf6 48. Qxf4+ exf4 49. Kf3 Ke5 50. Ng4+ Kd4 51. Kxf4 b5 52. e5 Kd5 53. Kf5 c5 54. e6 cxb4 55. e7 bxa3 56. e8=Q Kc4 57. Qe6+ Kc3 58.
Qa2 b4 59. Ne5 h5 60. Qc4+ Kb2 61. Qxb4+ Kc2 62. Qxa4+ Kb2 63. Qb4+ 1-0

[Event "*** SCC Grand Prix: Titled Tuesday Blitz"]
[Site "Chess.com"]
[Date "2020.08.04"]
[Round "7"]
[White "ferdipy"]
[Black "Manukyan_Artak"]
[Result "1/2-1/2"]
[WhiteElo "2329"]
[BlackElo "2439"]
[TimeControl "180+1"]
[EndTime "15:02:07 PDT"]
[Termination "Game drawn by stalemate"]

1. e4 c6 2. d4 d5 3. exd5 cxd5 4. Bd3 Nc6 5. c3 e5 6. dxe5 Nxe5 7. Bc2 Bg4 8. Ne2 Nf6 9. Bf4 Ng6 10. Bg3 Bd6 11. O-O Bxg3 12. hxg3 O-O 13. Nd2 Re8 14.
Re1 Qb6 15. Rb1 Rad8 16. Nf3 Ne4 17. Qd4 Bxf3 18. gxf3 Qxd4 19. Nxd4 Nd2 20. Rxe8+ Rxe8 21. Rd1 Nc4 22. b3 Nd6 23. Kf1 Kf8 24. Nf5 Nxf5 25. Bxf5 Rd8 26. Be4 Ne7 27. c4 f5 28. Bxd5 Nxd5 29.
Rxd5 Rxd5 30. cxd5 Ke7 31. Ke2 Kd6 32. Ke3 Kxd5 33.
Kf4 Ke6 34. g4 fxg4 35. fxg4 h6 36. Ke4 g6 37. a4 a5 38. f3 Kf6 39. Kf4 h5 40. Kg3 Ke5 41. f4+ Ke4 42. f5 gxf5 43. gxh5 Ke3 44. h6 f4+ 45. Kg2 Ke2 46. h7 f3+ 47. Kg3 f2 48. h8=Q f1=Q 49. Qe5+ Kd1 50. Qa1+ Ke2 51. Qxf1+ Kxf1 52. Kf3 Ke1 53. Ke3 Kd1 54.
Kd3 Kc1 55. Kc3 Kb1 56. b4 Ka2 57. bxa5 Ka3 58. a6 bxa6 59. a5 Ka4 60. Kb2 Kxa5 61. Ka1 Kb4 62. Kb1 Ka3 63. Ka1 a5 64. Kb1 a4 65.
Ka1 Kb3 66. Kb1 a3 67. Ka1 a2 1/2-1/2

[Event "*** SCC Grand Prix: Titled Tuesday Blitz"]
[Site "Chess.com"]
[Date "2020.08.04"]
[Round "7"]
[White "realmadridtv"]
[Black "alexrustemov"]
[Result "0-1"]
[WhiteElo "2480"]
[BlackElo "2726"]
[TimeControl "180+1"]
[EndTime "15:02:10 PDT"]
[Termination "alexrustemov won by checkmate"]

1. d4 d5 2. c4 c6 3. Nf3 Nf6 4. g3 Bf5 5. Bg2 e6 6. Nh4 Be4 7. f3 Bxb1 8. Rxb1 Qa5+ 9. Bd2 Bb4 10. f4 Bxd2+ 11. Qxd2 Qxa2 12. Rc1 O-O 13. O-O Nbd7 14. Nf3 Ne4 15. Qd3 f5 16. b3 Qa5 17. cxd5 exd5 18.
Ne5 Ndf6 19. h3 Qd2 20. Kh2 Qxd3 21. exd3 Nd6 22. g4 Rae8 23. g5 Nh5 24. Rf2 g6 25. Bf1 Nb5 26. Be2 Ng7 27. Nd7 Rf7 28. Nf6+ Rxf6 29.
gxf6 Ne6 30. Bf1 Kf7 31. Re1 Kxf6 32. Ra2 a6 33. b4 Nbxd4 34. Kg3 h6 35. h4 Rg8 36. Bg2 g5 37. hxg5+ hxg5 38. fxg5+ Rxg5+ 39. Kf2 Nf4 40. Bf1 Rh5 41. Ke3 Nfe6 42. Rf2 Rh1 43. Kd2 f4 44. Bg2 Rh2 45. Ref1 Ke5 46. Bf3 Nxf3+ 47.
Kc3 Rxf2 48. Rxf2 Nfd4 49. Rh2 f3 50. Rh5+ Kf4 51. Kd2 f2 52. Rh7 Ng5 53. Rh1 Kf3 54.
Rd1 Kg2 55. Ke3 Ngf3 56. b5 axb5 57. Rc1 f1=Q 58. Rxf1 Kxf1 59. Kf4 Ke2 60. Kg4 Kxd3 61. Kg3 b4 62. Kf4 b3 63. Kg3 b2 64. Kf4 b1=Q 65.
Kg3 Qg1+ 66. Kf4 Qg5# 0-1

[Event "*** SCC Grand Prix: Titled Tuesday Blitz"]
[Site "Chess.com"]
[Date "2020.08.04"]
[Round "7"]
[White "Bulldog167"]
[Black "Bodnar_Mykola"]
[Result "1-0"]
[WhiteElo "2733"]
[BlackElo "2470"]
[TimeControl "180+1"]
[EndTime "15:02:11 PDT"]
[Termination "Bulldog167 won on time"]

1. d4 Nf6 2. Bf4 e6 3. e3 d5 4. Nf3 Bd6 5. Bg3 O-O 6. Nbd2 c5 7. c3 Qc7 8. dxc5 Qxc5 9. Bd3 Nbd7 10. Bxd6 Qxd6 11. O-O Qe7 12. Bc2 b6 13. e4 dxe4 14. Nxe4 Bb7 15. Qe2 Nxe4 16. Bxe4 Bxe4 17. Qxe4 Nf6 18.
Qa4 Rfd8 19. Rfd1 Qc7 20. h3 h6 21. Nd4 Nd5 22. Qc6 Qe5 23. Nf3 Qf5 24. Rd4 Rac8 25.
Qa4 a5 26. Rad1 Rf8 27. Qb5 Rc5 28. Qe2 b5 29. Qe5 Qxe5 30. Nxe5 Nxc3 31. Nd7 Nxd1 32. Nxc5 Nxb2 33. Rd7 Nc4 34. Rb7 Nd6 35. Rb6 Rd8 36. g3 b4 37. Ra6 Nc4 38. Ra7 Rd2 39. Nd7 g6 40. g4 Rxa2 41. Rb7 Rb2 42. h4 g5 43.
Nf6+ Kf8 44. Rb8+ Ke7 45. Ng8+ Kd6 46. h5 a4 47. Nxh6 Ne5 48. Nf5+ exf5 49. h6 a3 50. h7 Ng6 51. Rb6+ Kc7 52. Rxg6 a2 53. Ra6 Rb1+ 54. Kg2 a1=Q 55. Rxa1 Rxa1 56. h8=Q Ra5 57. Qd4 fxg4 58.
Qxb4 Re5 59. Qd4 f6 60. Kg3 1-0

[Event "*** SCC Grand Prix: Titled Tuesday Blitz"]
[Site "Chess.com"]
[Date "2020.08.04"]
[Round "7"]
[White "Zkid"]
[Black "IMHansNiemann"]
[Result "1/2-1/2"]
[WhiteElo "2820"]
[BlackElo "2911"]
[TimeControl "180+1"]
[EndTime "15:02:12 PDT"]
[Termination "Game drawn by repetition"]

1. e4 g6 2. d4 Bg7 3. Nc3 c6 4. Nf3 d5 5. h3 dxe4 6. Nxe4 Nf6 7. Nxf6+ exf6 8. Bc4 O-O 9. O-O b5 10. Bb3 Nd7 11. a4 Nb6 12. axb5 cxb5 13. d5 Bb7 14.
Be3 f5 15. Bd4 Nxd5 16. Bxg7 Kxg7 17. Rxa7 Rxa7 18. Qd4+ Nf6 19. Qxa7 Bxf3 20. gxf3 Nh5 21. Re1 Nf4 22. Re7 Qd1+ 23. Kh2 Qf1 24. Qd4+ Kg8 25.
Qxf4 Qxf2+ 26. Kh1 Rd8 27. Bxf7+ Kf8 28. Re8+ Rxe8 29. Bxe8 Kxe8 30. Qe5+ Kf7 31. Qxb5 Qxf3+ 32. Kh2 Qf2+ 33. Kh1 Qxc2 34. b4 Qe4+ 35. Kh2 f4 36. Qd7+ Kg8 37. b5 Qe2+ 38. Kg1 f3 39. Qd8+ Kg7 40.
Qd4+ Kf7 41. Qf2 Qxb5 42. Qxf3+ Qf5 43. Qb7+ Kg8 44. Qb3+ Kg7 45. Kg2 h5 46. Qc3+ Kh7 47. Qc7+ Kh6 48. Qd6 h4 49. Qd2+ Kh7 50. Qe3 Qd5+ 51.
Kh2 g5 52. Qe2 Qd6+ 53. Kh1 Kg6 54. Qe4+ Kg7 55. Qe3 Qd5+ 56. Kh2 Qf5 57. Qe7+ Kh6 58. Qd6+ Kh5 59. Qd1+ Kg6 60. Qd6+ Kf7 61. Qc7+ Ke6 62. Qc8+ Ke5 63. Qc5+ Ke6 64. Qc8+ Kf6 65. Qf8+ Kg6 66.
Qg8+ Kh6 67. Qh8+ Qh7 68. Qxh7+ Kxh7 69. Kg2 Kg6 70. Kg1 Kf6 71. Kf2 Ke6 72. Ke2 Ke5 73.
Ke3 Kf5 74. Kf3 Kf6 75. Kf2 Ke6 76. Ke2 Kd5 77. Kf3 Ke5 78. Ke3 Kf5 79. Kf3 Kg6 80. Kg2 Kg7 81. Kg1 Kf8 82. Kf2 Ke7 83. Ke3 Kf7 84. Kf3 Kf6 85. Kf2 1/2-1/2

[Event "*** SCC Grand Prix: Titled Tuesday Blitz"]
[Site "Chess.com"]
[Date "2020.08.04"]
[Round "7"]
[White "vladislavkovalev"]
[Black "ArjunErigaisi2003"]
[Result "0-1"]
[WhiteElo "2885"]
[BlackElo "3048"]
[TimeControl "180+1"]
[EndTime "15:02:15 PDT"]
[Termination "ArjunErigaisi2003 won by resignation"]

1. e4 e6 2. d4 d5 3. Nd2 c5 4. Ngf3 cxd4 5. Nxd4 Nf6 6. exd5 Qxd5 7. Nb5 Na6 8. Nc3 Qd8 9. a3 Bd7 10. Nc4 Bc6 11.
Qxd8+ Rxd8 12. Ne5 Nb8 13. Be3 a6 14. Bb6 Rc8 15.
Nxc6 Rxc6 16. Be3 Bc5 17. Bxc5 Rxc5 18. O-O-O Ke7 19. Be2 Rhc8 20. Bf3 R8c7 21. Rhe1 Nbd7 22. Re3 Ne5 23. Be2 g5 24. Rd4 h5 25. h3 Ng6 26.
g3 h4 27. Bd1 Rf5 28. Rd2 hxg3 29. fxg3 Rf1 30. Nd5+ Nxd5 31. Rxd5 f5 32. c3 Kf6 33. Rd6 Ne5 34. Re2 Rh7 35. Kb1 Rxh3 36. Ka2 Rh7 37. Bb3 Re7 38. Rd8 Rf3 39. Rg2 g4 40.
Rf8+ Kg7 41. Rb8 Kf6 42. Rf8+ Nf7 43. Rb8 Rd3 44. a4 Ng5 45. Rf8+ Rf7 46. Re8 Re3 47. a5 Re7 48. Rf8+ Kg7 49. Rb8 Ne4 50. Rh2 Rxg3 51. Rbh8 Kf6 52. R2h6+ Ke5 53. Rc8 Rh3 54. Rg6 g3 55.
Bc2 Kf4 56. Rc4 Ke3 57. Bxe4 fxe4 58. Rg4 Kf2 59. Rcxe4 g2 60. Rd4 g1=Q 61. Rd2+ Ke3 62. Rxg1 0-1

[Event "*** SCC Grand Prix: Titled Tuesday Blitz"]
[Site "Chess.com"]
[Date "2020.08.04"]
[Round "7"]
[White "TST2014"]
[Black "anpospan"]
[Result "0-1"]
[WhiteElo "2518"]
[BlackElo "2344"]
[TimeControl "180+1"]
[EndTime "15:02:18 PDT"]
[Termination "anpospan won by checkmate"]

1. d4 Nf6 2. c4 e6 3. Nf3 c5 4.
e3 a6 5. Nc3 cxd4 6. exd4 d5 7.
a3 Nc6 8. c5 Ne4 9. Bd3 Qa5 10.
Bd2 Nxd2 11. Qxd2 e5 12. Nxd5 Qxd2+ 13. Kxd2 exd4 14. Nc7+ Kd8 15. Nxa8 Bxc5 16. Rac1 Ba7 17. Ng5 Be6 18. Bc4 Kd7 19. Nxf7 Bxf7 20. Bxf7 Rxa8 21. Bd5 Rf8 22. f3 Kd6 23. Be4 Na5 24.
Kd3 Nb3 25. Rce1 b5 26. Bxh7 Nc5+ 27. Kc2 a5 28. b4 axb4 29. axb4 Ne6 30. Kb3 Nf4 31.
g3 Nd5 32. Ra1 Rxf3+ 33. Kb2 Rf2+ 34. Kc1 Bb6 35. Be4 Nc3 36. Ra6 Nxe4 37. Rxb6+ Kd5 38. Rxb5+ Kc4 39. Re5 Nc3 40. Rc5+ Kb3 41. Rxc3+ dxc3 42. Re1 Ra2 43. Kd1 Ra1+ 44. Ke2 Rxe1+ 45. Kxe1 c2 46. Kd2 Kb2 47. b5 c1=Q+ 48. Kd3 Qc5 49. b6 Qxb6 50. h4 Qg6+ 51. Ke3 Qxg3+ 52. Ke4 Qxh4+ 53. Kf5 Qf6+ 54. Kg4 Kc3 55. Kh5 Qf5+ 56. Kh4 g5+ 57. Kh5 g4+ 58.
Kh4 Qf4 59. Kh5 g3 60. Kg6 g2 61. Kh5 Kd2 62. Kg6 g1=Q+ 63. Kh5 Qfh2# 0-1

[Event "*** SCC Grand Prix: Titled Tuesday Blitz"]
[Site "Chess.com"]
[Date "2020.08.04"]
[Round "7"]
[White "shnitez"]
[Black "Nara_Kh"]
[Result "1-0"]
[WhiteElo "2468"]
[BlackElo "2323"]
[TimeControl "180+1"]
[EndTime "15:02:21 PDT"]
[Termination "shnitez won by checkmate"]

1. c4 e5 2. Nc3 Bb4 3. Nd5 Bc5 4. Nf3 c6 5. Nc3 d6 6. d4 exd4 7. Nxd4 Nf6 8. g3 O-O 9. Bg2 Nbd7 10. O-O Ne5 11. b3 Re8 12. Bb2 Bg4 13. h3 Bh5 14. Qd2 a6 15. Rad1 Qd7 16. g4 Nexg4 17. hxg4 Qxg4 18.
Qd3 Re5 19. Qh3 Qg6 20. Rd3 Rg5 21. Rfd1 Bg4 22. Qh2 Re8 23. Bc1 Rge5 24. Nf3 Bxf3 25. Rxf3 Rh5 26. Qf4 Qc2 27. Qd2 Qg6 28. Rg3 Ng4 29.
Rf1 Rf5 30. Nd1 Qh5 31. Rxg4 Qxg4 32. e3 Rg5 33. f4 Rh5 34. Nf2 Qg3 35. Nh1 Qh2+ 36.
Kf2 Bxe3+ 37. Qxe3 Rxe3 38. Bxe3 Qh4+ 39. Ng3 Ra5 40.
Rh1 Rxa2+ 41. Kf3 Qe7 42. Nf5 Qe6 43. Bh3 g6 44. Nh6+ Kg7 45. Bxe6 fxe6 46. Ng4 e5 47. fxe5 dxe5 48. Nxe5 Rb2 49. Ke4 Rxb3 50. Bd4 a5 51. Nxc6+ Kf7 52. Ne5+ Ke6 53. Rxh7 a4 54. Nxg6 a3 55.
Re7+ Kd6 56. c5+ Kc6 57. Ne5+ Kb5 58. Rxb7+ Ka4 59. Rxb3 Kxb3 60. c6 a2 61. c7 a1=Q 62. Bxa1 Ka4 63. Bd4 Kb5 64. c8=Q Ka4 65. Kd5 Ka3 66. Kc4 Ka4 67. Qa6# 1-0

[Event "*** SCC Grand Prix: Titled Tuesday Blitz"]
[Site "Chess.com"]
[Date "2020.08.04"]
[Round "7"]
[White "SiddharthGMJagadeesh"]
[Black "peixe64"]
[Result "1/2-1/2"]
[WhiteElo "2579"]
[BlackElo "2342"]
[TimeControl "180+1"]
[EndTime "15:02:24 PDT"]
[Termination "Game drawn - insufficient material"]

1. d4 Nf6 2. Nf3 g6 3. c3 Bg7 4. Bg5 d5 5. Nbd2 O-O 6. e3 Bf5 7. Be2 c6 8. O-O Nbd7 9. h3 h6 10. Bf4 g5 11. Bh2 Ne4 12. Nxe4 dxe4 13. Nd2 e5 14. Bg4 Bg6 15. Bxd7 Qxd7 16. dxe5 Qe6 17. Qb3 Rfe8 18. Rad1 Bxe5 19. Bxe5 Qxe5 20. Nc4 Qe6 21. Rd6 Qe7 22. Rfd1 Rad8 23. Rxd8 Rxd8 24. Rxd8+ Qxd8 25. Qxb7 Qd5 26. Qb8+ Kh7 27. b3 Qd1+ 28. Kh2 Qe2 29. Qxa7 Qxf2 30. Qd4 g4 31. Qd1 gxh3 32. Kxh3 Qxa2 33.
Ne5 Bf5+ 34. Kh2 Qf2 35. Nc4 Qh4+ 36. Kg1 Bg4 37. Qf1 f5 38. Nd6 Qf6 39. Nc4 Qxc3 40. Qf4 Qe1+ 41. Kh2 Qh4+ 42. Kg1 Qf6 43. Qc7+ Kg6 44.
Ne5+ Kh5 45. Nxg4 Kxg4 46. Qf4+ Kh5 47. g4+ Kg6 48. gxf5+ Qxf5 49. Qd6+ Kh5 50. Qh2+ Kg6 51. Qd6+ Kh5 52. Qe7 Kg6 53. Qe8+ Kf6 54. Qxc6+ Kg5 55.
Qc2 Qg4+ 56. Qg2 Qxg2+ 57. Kxg2 Kf5 58. b4 Ke5 59. Kg3 Kd5 60. Kf4 Kc4 61. Kxe4 Kxb4 62. Kf5 Kc5 63. e4 Kd6 64. Kf6 Kd7 65. Kf7 Kd6 66.
Kf6 Kd7 67. Kg6 Ke6 68. Kxh6 Ke5 69. Kg6 Kxe4 1/2-1/2

[Event "*** SCC Grand Prix: Titled Tuesday Blitz"]
[Site "Chess.com"]
[Date "2020.08.04"]
[Round "7"]
[White "ketster"]
[Black "Goryachkina"]
[Result "0-1"]
[WhiteElo "2381"]
[BlackElo "2574"]
[TimeControl "180+1"]
[EndTime "15:02:25 PDT"]
[Termination "Goryachkina won by resignation"]

1. d4 d5 2. c4 e6 3. Nc3 Nf6 4. cxd5 exd5 5. Bg5 c6 6. Qc2 h6 7. Bh4 g6 8. Bxf6 Qxf6 9. Nxd5 Qxd4 10. Nc3 Bg7 11.
Nf3 Qb4 12. e3 Bf5 13. Qd2 O-O 14. Be2 Nd7 15. Nd4 Bxd4 16. exd4 Kg7 17. O-O Nf6 18.
a3 Qd6 19. Rad1 Rad8 20. Bf3 Bg4 21. Qd3 Rfe8 22. h3 Bxf3 23. Qxf3 Nd5 24. Ne4 Qf4 25. Qxf4 Nxf4 26. Nc5 b6 27. Nb3 Re2 28. Rb1 Rd6 29.
Rfd1 a5 30. a4 Rd5 31. Kf1 Re6 32. h4 Red6 33. g3 Ne6 34. Rbc1 Kf8 35. Rc3 Ke7 36. Rdc1 Kd7 37. Rf3 f5 38. h5 gxh5 39. Kg2 f4 40. gxf4 Nxd4 41. Nxd4 Rxd4 42. f5 Rxa4 43. Re1 Rg4+ 44.
Kf1 Rg7 45. Re4 Rf7 46. Rh4 b5 47. Rxh5 a4 48. Rh4 Kc7 49. Re4 Rdf6 50. Ref4 Kb6 51.
Kg2 c5 52. Kg3 b4 53. Kg4 Kb5 54. Kh5 c4 55. Kg4 b3 56. Re4 Kb4 57. Rff4 Rc6 58.
Re6 Rf6 59. Rxc6 Rxc6 60. f6 Rc8 61. f7 Rf8 62. Kh5 a3 63. bxa3+ Kc5 64. Kg6 b2 65. Kg7 Rxf7+ 66. Rxf7 b1=Q 67. Rc7+ Kd6 0-1